 Dungeon Crawl Stone Soup version 0.27.1-3-gb3d3a73c9e (webtiles) character file.

Game seed: 5242176224481656406

3954 ders the Basher (level 10, 0/67 HPs)
             Began as a Gargoyle Fighter on Oct 30, 2021.
             Was a Believer of Trog.
             Slain by a killer bee (5 damage)
             ... on level 7 of the Dungeon.
             The game lasted 00:23:11 (9634 turns).

ders the Basher (Gargoyle Fighter)                  Turns: 9634, Time: 00:23:11

Health: 0/67       AC: 18    Str: 23    XL:     10   Next: 21%
Magic:  10/10      EV:  8    Int:  8    God:    Trog [**....]
Gold:   223        SH:  9    Dex: 10    Spells: 9/9 levels left

rFire    . . .     SeeInvis .   s - +3 mace (vorpal)
rCold    . . .     Faith    .   c - +0 kite shield
rNeg     + . .     Spirit   .   b - +0 scale mail
rPois    ∞         Reflect  .   (no helmet)
rElec    +         Harm     .   (no cloak)
rCorr    .         Rampage  .   (no gloves)
Will     .....                  (no boots)
Stlth    ..........             (no amulet)
HPRegen  0.21/turn              i - +4 ring of protection
MPRegen  0.12/turn              (no ring)

@: about to teleport, marked, on berserk cooldown, slowed, very slow
A: sickness immunity, AC +7, negative energy resistance 1, electricity
resistance, torment resistance 1, petrification resistance
a: Renounce Religion, Berserk, Trog's Hand


You were on level 7 of the Dungeon.
You worshipped Trog.
Trog was pleased with you.
You visited 2 branches of the dungeon, and saw 9 of its levels.

You collected 391 gold pieces.
You spent 168 gold pieces at shops.

Inventory:

Hand Weapons
 a - a +0 flail
 e - a +0 short sword of flaming
 h - a +1 vorpal mace
 j - a +1 scythe of protection
 s - a +3 vorpal mace (weapon)
Armour
 b - a +0 scale mail (worn)
 c - a +0 kite shield (worn)
Jewellery
 i - a +4 ring of protection (left hand)
 l - an amulet of guardian spirit
 p - an amulet of the acrobat
Wands
 r - a wand of iceblast (4)
Scrolls
 f - a scroll of enchant armour {unknown}
 g - 3 scrolls of identify
 n - a scroll of torment {unknown}
 o - 2 scrolls of holy word
 u - 2 scrolls of teleportation
 x - a scroll of amnesia {unknown}
Potions
 d - a potion of might
 k - 4 potions of brilliance
 m - a potion of lignification
 q - 2 potions of attraction
 t - a potion of ambrosia {unknown}
 v - a potion of flight {unknown}
 w - a potion of mutation {unknown}
 z - a potion of resistance {unknown}


   Skills:
 * Level 9.6 Fighting
 - Level 5.0 Short Blades
 * Level 10.1 Maces & Flails
 - Level 3.2 Armour
 - Level 1.5 Dodging
 + Level 2.1 Stealth
 - Level 3.2 Shields


You had 9 spell levels left.
You didn't know any spells.
Your spell library contained the following spells:

 Spells                   Type           Power      Damage    Failure   Level
 Corona                   Hex            0%         N/A       99%         1
 Ensorcelled Hibernation  Hex/Ice        0%         N/A       100%        2
 Passwall                 Tmut/Erth      0%         N/A       100%        2
 Spider Form              Tmut/Pois      0%         N/A       100%        3
 Swiftness                Air            0%         N/A       100%        3
 Tukima's Dance           Hex            0%         N/A       100%        3
 Airstrike                Air            0%         N/A       100%        4
 Fireball                 Conj/Fire      0%         3d3       100%        5
 Lightning Bolt           Conj/Air       0%         1d11      100%        5
 Conjure Ball Lightning   Conj/Air       0%         3x3d6     100%        6
 Invisibility             Hex            0%         N/A       100%        6
 Shadow Creatures         Summ           N/A        N/A       100%        6


Dungeon Overview and Level Annotations

Branches:
Dungeon (8/15)             Temple (1/1) D:6
   Lair: D:8-11

Altars:
Hepliaklqana
Qazlal
Ru
Trog
Uskayaw

Shops:
D:6 !   D:7 =


Innate Abilities, Weirdness & Mutations

You are immune to sickness and miasma.
Your stone body is resilient. (AC +7)
You are immune to poison.
You resist negative energy. (rN+)
You are resistant to electric shocks. (rElec)
You are resistant to unholy torment.
You are immune to petrification.


Message History

The killer bee stings you but does no damage.
You block the killer bee's attack.
The killer bee stings you but does no damage. x2
You closely miss the killer bee. You block the killer bee's attack. x2
The killer bee closely misses you.
The killer bee stings you but does no damage.
You block the killer bee's attack. The killer bee completely misses you.
The killer bee closely misses you. The killer bee stings you!
* * * LOW HITPOINT WARNING * * *
You sock the killer bee!
You kill the killer bee!
Trog accepts your kill. You block the killer bee's attack.
The killer bee stings you but does no damage. x3
The killer bee barely misses you.
The killer bee stings you but does no damage.
You block the killer bee's attack. The killer bee stings you.
* * * LOW HITPOINT WARNING * * *
The killer bee closely misses you. The killer bee stings you.
* * * LOW HITPOINT WARNING * * *
Items here: ) [ †††.
You feel a strong urge to attack something.
The killer bee closely misses you.
There is a stone staircase leading up here.
You are no longer berserk.
You are exhausted.
You feel yourself slow down.
The killer bee stings you but does no damage.
You block the killer bee's attack.
The killer bee stings you but does no damage. x2
The killer bee closely misses you.
You climb upwards.
There is a stone staircase leading down here.
Okay, then.
As you read the scroll labelled LEUSSE LINO, it crumbles to dust.
You feel strangely unstable.
It was a scroll of teleportation.
The killer bee barely misses you. The killer bee stings you.
* * * LOW HITPOINT WARNING * * *
You block the killer bee's attack. The killer bee stings you.
You die...

##..........### ##.###..........
#######....#..........
##....#................
###...........>...#......
#................##......
##..........##...........
####..........######.......
#........y@y..# #........
#..........y..# #........ ###
##...........######........ #.##
#.......................... ...#
#..........................
...####...................#......
...##.#.........##(.......#......
...##.#......#...#...#.).........
............###...........#......


You could see 3 killer bees.

Vanquished Creatures
  Prince Ribbit (D:5)
  Sigmund (D:2)
  3 yaks
  A steam dragon (D:8)
  4 water moccasins
  An acid dragon (D:8)
  3 orc warriors
  A sky beast (D:5)
  2 black bears
  An ogre (D:5)
  A necrophage (D:7)
  A centaur (D:6)
  A phantom (D:6)
  2 kobold brigands (D:8)
  A wyvern zombie (D:8)
  3 scorpions
  A wyvern skeleton (D:7)
  2 killer bees (D:8)
  3 howler monkeys
  A bullfrog zombie (D:7)
  9 orc priests
  3 hounds
  2 jellies
  12 orc wizards
  A killer bee zombie (D:7)
  A hound zombie (D:5)
  8 adders
  3 white imps
  An ufetubus (D:5)
  2 adder skeletons (D:5)
  3 dart slugs
  36 orcs
  6 endoplasms
  4 giant cockroaches
  7 goblins
  8 hobgoblins
  9 jackals
  9 kobolds
  A quokka (D:1)
  6 ball pythons
  6 bats
  3 frilled lizards
  6 rats
180 creatures vanquished.

Notes
Turn   | Place    | Note
-------+----------+-------------------------------------------
     0 | D:1      | ders the Gargoyle Fighter began the quest for the Orb.
     0 | D:1      | Reached XP level 1. HP: 14/14 MP: 1/1
   151 | D:1      | Reached XP level 2. HP: 20/20 MP: 2/2
   523 | D:1      | Reached skill level 1 in Short Blades
   827 | D:1      | Reached XP level 3. HP: 24/24 MP: 3/3
   891 | D:1      | Found a faded altar of an unknown god.
  1103 | D:2      | Noticed Sigmund
  1124 | D:2      | Killed Sigmund
  1125 | D:2      | Reached skill level 1 in Dodging
  1125 | D:2      | Reached XP level 4. HP: 8/30 MP: 4/4
  1125 | D:2      | Reached XP level 5. HP: 9/34 MP: 5/5
  1591 | D:2      | Got the Tome of Heat and Flight
  1891 | D:3      | Reached XP level 6. HP: 40/40 MP: 6/6
  1928 | D:3      | Reached skill level 5 in Fighting
  2838 | D:4      | Noticed a +0 hand axe
  2838 | D:4      | Noticed a +0 hand axe
  2838 | D:4      | Found a hide-covered altar of Uskayaw.
  2998 | D:4      | Found a sacrificial altar of Ru.
  3009 | D:4      | Noticed a black bear
  3023 | D:4      | Killed a black bear
  3024 | D:4      | Reached XP level 7. HP: 38/44 MP: 5/7
  3224 | D:4      | Reached skill level 5 in Short Blades
  3730 | D:5      | Entered Level 5 of the Dungeon
  3803 | D:5      | Reached skill level 3 in Maces & Flails
  3803 | D:5      | Reached skill level 1 in Stealth
  4051 | D:5      | Noticed Prince Ribbit
  4066 | D:5      | Killed Prince Ribbit
  4067 | D:5      | Reached skill level 4 in Maces & Flails
  4067 | D:5      | Reached XP level 8. HP: 24/52 MP: 4/8
  4458 | D:5      | Reached skill level 5 in Maces & Flails
  5364 | D:6      | Found a staircase to the Ecumenical Temple.
  5373 | Temple   | Entered the Ecumenical Temple
  5406 | Temple   | Became a worshipper of Trog the Wrathful
  5451 | D:5      | Reached skill level 6 in Maces & Flails
  6063 | D:6      | Found Enebb's Distillery.
  6071 | D:6      | Bought a potion of curing for 36 gold pieces
  6071 | D:6      | Bought a potion of curing for 36 gold pieces
  6071 | D:6      | Bought a potion of heal wounds for 60 gold pieces
  6071 | D:6      | Bought a potion of curing for 36 gold pieces
  6128 | D:6      | Reached skill level 7 in Maces & Flails
  6128 | D:6      | Reached XP level 9. HP: 35/57 MP: 5/9
  6896 | D:7      | Reached * piety under Trog
  7074 | D:7      | Reached skill level 8 in Maces & Flails
  7438 | D:7      | Found Heagas's Jewellery Boutique.
  7567 | D:7      | HP: 1/60 [orc warrior (13)]
  8375 | D:8      | Reached skill level 9 in Maces & Flails
  8921 | D:8      | Reached XP level 10. HP: 66/66 MP: 10/10
  9130 | D:8      | Reached ** piety under Trog
  9264 | D:8      | Reached skill level 10 in Maces & Flails
  9634 | D:7      | Slain by a killer bee

Illustrated notes

Levels and vault maps discovered:
D:1:      psy_arrival_dodecagon, layout_basic,
          shapermc_ecumenical_altar_mp_highgroup, minivault_11,
          minmay_close_crescents
D:2:      layout_loops_ring, uniq_sigmund
D:3:      layout_loops_ring
D:4:      layout_cave_pools, dancing_weapons_uskayaw,
          mainiacjoe_overflow_tiny_flanked
D:5:      layout_gridville, uniq_prince_ribbit1
D:6:      layout_cave_pools, minmay_temple_entry_large_hall, serial_shops,
          nicolae_shop_crystal, chequers_serial_rivers_small_b
D:7:      layout_cave_pools, serial_shops, shop
D:8:      layout_basic, mainiacjoe_overflow_divided_tiny, serial_rivers,
          chequers_serial_rivers_large_a, chequers_serial_rivers_small_b,
          chequers_serial_rivers_room_b, chequers_serial_rivers_small_3,
          chequers_serial_rivers_marsh, chequers_serial_rivers_micro_c,
          minmay_orc_keep
Temple:   regret_index_temple_mists

Skill      XL: |  1  2  3  4  5  6  7  8  9 10 |
---------------+-------------------------------+-----
Short Blades   | 1 3 4 5 |  5.0
Fighting       | 4 5 6 7 9 |  9.6
Dodging        | 1 |  1.5
Maces & Flails | 4 7 9 10 | 10.1
Stealth        | 1 2 |  2.1
Armour         | |  3.2
Shields        | |  3.2

Action                   |  1- 3 |  4- 6 |  7- 9 | 10-12 || total
-------------------------+-------+-------+-------+-------++-------
Melee: Short sword       |   109 |   195 |    17 |       ||   321
       Mace              |       |       |   454 |    69 ||   523
Invok: Berserk           |       |       |     2 |     4 ||     6
       Trog's Hand       |       |       |       |     1 ||     1
  Use: Scroll            |       |       |     7 |     2 ||     9
       Potion            |       |       |     4 |     2 ||     6
Armor: Scale mail        |    83 |   115 |   473 |    61 ||   732
Dodge: Dodged            |    63 |    59 |   243 |    40 ||   405
Block: Kite shield       |    87 |    99 |   305 |    52 ||   543
